 Dungeon Crawl Stone Soup version 0.28-a0-834-g1a73be5ee4 (webtiles) character file.

Game seed: 8474355923543293591

96 siradein the Poker (level 4, 0/37 HPs)
             Began as a Merfolk Fighter on Nov 11, 2021.
             Killed from afar by an orc wizard (6 damage)
             ... with a magic dart
             ... on level 2 of the Dungeon.
             The game lasted 00:04:14 (2920 turns).

siradein the Poker (Merfolk Fighter)                Turns: 2920, Time: 00:04:15

Health: 0/37       AC:  6    Str: 16    XL:     4   Next: 67%
Magic:  4/4        EV: 11    Int:  7    God:
Gold:   75         SH:  5    Dex: 14    Spells: 3/3 levels left

rFire   . . .      SeeInvis .   a - +0 trident
rCold   . . .      Faith    .   c - +0 buckler
rNeg    . . .      Spirit   .   m - +0 ring mail
rPois   .          Reflect  .   s - +0 helmet
rElec   .          Harm     .   (no cloak)
rCorr   .          Rampage  .   (no gloves)
Will    .....                   (no boots)
Stlth   +.........              (no amulet)
HPRegen 0.12/turn               (no ring)
MPRegen 0.09/turn               (no ring)

@: no status effects
A: (nimble swimmer 2), mertail
a: no special abilities


You were on level 2 of the Dungeon.
You visited 1 branch of the dungeon, and saw 3 of its levels.

You collected 75 gold pieces.

Inventory:

Hand Weapons
 a - a +0 trident (weapon)
Missiles
 h - a throwing net (quivered)
 i - 5 javelins
Armour
 c - a +0 buckler (worn)
 m - a +0 ring mail (worn)
 s - a +0 helmet (worn)
Jewellery
 b - a +4 ring of protection
Wands
 n - a wand of digging (3)
Scrolls
 e - a scroll of magic mapping {unknown}
 f - 2 scrolls of teleportation {unknown}
 j - a scroll of brand weapon {unknown}
 k - a scroll of identify {unknown}
 o - a scroll of vulnerability {unknown}
 q - a scroll of noise {unknown}
Potions
 d - 2 potions of might
 g - a potion of lignification {unknown}
 l - a potion of curing {unknown}
 p - a potion of flight {unknown}
 r - a potion of heal wounds {unknown}


   Skills:
 + Level 3.7 Fighting
 + Level 3.9 Polearms
 + Level 1.0 Throwing
 + Level 2.6 Armour
 + Level 2.1 Dodging
 + Level 3.4 Shields


You had 3 spell levels left.
You didn't know any spells.
Your spell library was empty.

Dungeon Overview and Level Annotations

Branches:
Dungeon (3/15)

Altars:
Beogh

Shops:
D:1 ?

Annotations:
D:2 1 runed translucent door, Crazy Yiuf


Innate Abilities, Weirdness & Mutations

((You are quick and stealthy near water. (Stealth+, EV+, Speed+++)))
Your lower body shifts to a powerful aquatic tail in water.


Message History

You climb downwards.
The goblin shouts! x2
The orc wizard hits you but does no damage.
Space warps around you.
There is a stone staircase leading up, spattered with blood here.
You closely miss the orc wizard. You block the orc wizard's attack.
You hit the orc wizard.
The orc wizard is heavily wounded.
The orc wizard gestures wildly while chanting.
The orc wizard flickers and vanishes!
Deactivating autopickup; reactivate with Ctrl-A.
You hear some strange, mumbled words.
Something tries to affect you, but you resist.
The orc closely misses you. Something hits you.
Space warps horribly around you!
You climb upwards.
Level annotation: 1 runed translucent door, Crazy Yiuf Reactivating autopickup.
There is a stone staircase leading down here.
You hit the orc.
The orc is severely wounded.
The orc completely misses you. Something hits you. Space warps around you.
Deactivating autopickup; reactivate with Ctrl-A.
You are too injured to fight recklessly!
You are too injured to fight recklessly!
You are too injured to fight recklessly!
You are too injured to fight recklessly!
Unknown command.
You closely miss the orc.
The orc is severely wounded.
The orc hits you with a +0 club.
* * * LOW HITPOINT WARNING * * *
You hear some strange, mumbled words.
A magic dart appears from out of thin air!
The magic dart hits you.
* * * LOW HITPOINT WARNING * * *
The orc hits you but does no damage.
A magic dart appears from out of thin air!
The magic dart hits you.
You die...

#.##.......###
#.##.##...<#
#.##.####..##
#.##........#### ###
#.#######..))..##
###..)# #.#
#.....P.####.+...# ##
#.# #..).)P..#..##...#
.#
###.#######)o#....#.###
### .#
#...#......{>@#######
.# #..>#......[###
.###...#......)#
...#...#.......#
##.#...#.[.....#
รท#.....#.......##
'#####..........#
...####.........#
....###)#######.#


You could see an orc.

Vanquished Creatures
  Jessica (D:2)
  Robin (D:1)
  An adder (D:2)
  5 orcs
  A bat (D:2)
  5 endoplasms
  A giant cockroach (D:1)
  11 goblins
  3 hobgoblins
  3 kobolds
  2 quokkas (D:2)
  3 ball pythons
  A frilled lizard (D:1)
  2 rats (D:1)
40 creatures vanquished.

Notes
Turn   | Place    | Note
-------+----------+-------------------------------------------
     0 | D:1      | siradein the Merfolk Fighter began the quest for the Orb.
     0 | D:1      | Reached XP level 1. HP: 18/18 MP: 1/1
   418 | D:1      | Reached XP level 2. HP: 24/24 MP: 2/2
   641 | D:1      | Found Faerhoz's Magic Scroll Emporium.
  1019 | D:1      | Reached skill level 1 in Dodging
  1396 | D:2      | Noticed Jessica
  1415 | D:2      | Killed Jessica
  1416 | D:2      | Reached XP level 3. HP: 7/29 MP: 3/3
  1738 | D:2      | Found a faded altar of an unknown god.
  1812 | D:2      | Found a runed translucent door.
  1813 | D:2      | Noticed Crazy Yiuf
  1870 | D:2      | Reached XP level 4. HP: 36/37 MP: 4/4
  2202 | D:3      | Noticed Robin
  2663 | D:1      | Killed Robin
  2664 | D:1      | Reached skill level 1 in Throwing
  2920 | D:2      | Killed from afar by an orc wizard

Illustrated notes

Levels and vault maps discovered:
D:1:      dpeg_cavernosity, layout_basic, serial_shops, shop
D:2:      layout_basic, hellmonk_ecumenical_altar_defaced_shrine, uniq_jessica,
          uniq_crazy_yiuf_cottage
D:3:      layout_basic, ebering_ghost_gozag, uniq_robin

Skill      XL: |  1  2  3  4 |
---------------+-------------+-----
Dodging        | 1 2 |  2.1
Throwing       | 1 |  1.0
Fighting       | |  3.7
Polearms       | |  3.9
Armour         | |  2.6
Shields        | |  3.4

Action                   |  1- 3 |  4- 6 || total
-------------------------+-------+-------++-------
Melee: Trident           |    72 |    61 ||   133
Armor: Scale mail        |    16 |       ||    16
       Ring mail         |     5 |    29 ||    34
Dodge: Dodged            |    17 |    39 ||    56
Block: Buckler           |    10 |    21 ||    31

Table legend: (Time is in decaauts)
 A = Elapsed time spent in this place.
 B = Non-inter-level travel time spent in this place.
 C = Inter-level travel time spent in this place.
 D = Time resting spent in this place.
 E = Time spent auto-exploring this place.
 F = Levels seen in this place.
 G = Mean time per level.
                   A        B        C        D        E       F      G
               +--------+--------+--------+--------+--------+-----+--------+
         Total |   2945 |   2863 |     82 |    319 |   1980 |   3 |  981.7 |
       Dungeon |   2945 |   2863 |     82 |    319 |   1980 |   3 |  981.7 |
               +--------+--------+--------+--------+--------+-----+--------+

Top non-repeatable levels by time:
     D:1: 1549 daAuts
     D:2: 1301 daAuts
     D:3: 94 daAuts
